 Dungeon Crawl Stone Soup version 0.25-a0-842-g81a31cfd23 (webtiles) character file.

Game seed: 7336890470818585111, levelgen mode: deterministic

80 wullow the Skirmisher (level 4, 0/35 HPs)
             Began as a Demonspawn Fighter on Apr 24, 2020.
             Slain by a crocodile (15 damage)
             ... in a sewer.
             The game lasted 00:03:45 (2125 turns).

wullow the Skirmisher (Demonspawn Fighter)          Turns: 2125, Time: 00:03:46

Health: 0/35       AC:  7    Str: 16    XL:     4   Next: 18%
Magic:  4/4        EV:  9    Int: 10    God:
Gold:   104        SH:  9    Dex: 13    Spells: 3/3 levels left

rFire    . . .     SeeInvis .   l - +2 dagger (vamp)
rCold    . . .     Gourm    .   c - +0 kite shield
rNeg     . . .     Faith    .   b - +0 scale mail
rPois    .         Spirit   .   (no helmet)
rElec    .         Reflect  .   (no cloak)
rCorr    .         Harm     .   m - +0 pair of gloves (curse)
MR       .....                  (no boots)
Stlth    +.........             (no amulet)
HPRegen  0.11/turn              (no ring)
MPRegen  0.09/turn              (no ring)

@: no status effects
A: repulsion field 2, nightstalker 1
a: no special abilities


You were in a sewer.
You were not hungry.

You visited 1 branch of the dungeon, and saw 3 of its levels.
You also visited: Sewer.

You collected 104 gold pieces.

Inventory:

Hand Weapons
 a - a +0 rapier
 k - a cursed +0 spear
 l - a +2 vampiric dagger (weapon)
Missiles
 g - 39 stones (quivered)
 q - 15 sling bullets
Armour
 b - a +0 scale mail (worn)
 c - a +0 kite shield (worn)
 m - a cursed +0 pair of gloves (worn)
 o - a cursed +0 ring mail
Scrolls
 e - a scroll of enchant armour {unknown}
 j - 2 scrolls of identify {unknown}
Potions
 d - a potion of might
 h - a potion of stabbing {unknown}
 i - a potion of curing {unknown}
 n - a potion of heal wounds {unknown}
 p - 2 potions of brilliance {unknown}
Comestibles
 f - 5 rations
 r - 2 chunks of flesh


   Skills:
 + Level 3.5 Fighting
 * Level 2.7 Short Blades
 - Level 3.0 Armour
 * Level 3.4 Shields


You had 3 spell levels left.
You didn't know any spells.
Your spell library was empty.

Dungeon Overview and Level Annotations

Branches:
Dungeon (3/15)              Sewer (1/1)

Altars:
Ashenzari


Innate Abilities, Weirdness & Mutations

You are surrounded by a moderate repulsion field. (EV +3)
You are slightly more attuned to the shadows.


Message History

The crocodile is lightly wounded.
The crocodile closely misses you.
You closely miss the crocodile.
The crocodile is lightly wounded.
The crocodile bites you!
You closely miss the crocodile.
The crocodile is lightly wounded.
You hit the crocodile but do no damage.
The crocodile is lightly wounded.
The crocodile closely misses you.
You hit the crocodile.
The crocodile is lightly wounded.
You block the crocodile's attack. The crocodile bites you.
You hit the crocodile but do no damage.
The crocodile is lightly wounded.
The crocodile bites you but does no damage.
You hit the crocodile but do no damage.
The crocodile is lightly wounded.
The crocodile bites you!
You die...

#..$/$..#
#.......#
#.......#
#.......#
#.......# #.....#
####### #.#
##.....## #t#
#...≈...## #@#
...≈≈≈...#######.#
∩.≈≈≈≈≈..........#
...≈≈≈...#######.#
#...≈...## #.#
##.....## #.#
####### #.# #.# .#


You could see a crocodile.

Vanquished Creatures
  A gnoll (D:1)
  An adder (D:2)
  An ooze (D:2)
  2 worms
  2 dart slugs
  2 ball pythons (D:3)
  8 goblins
  5 hobgoblins
  9 bats
  3 frilled lizards
  9 kobolds
  4 rats
47 creatures vanquished.

Notes
Turn   | Place    | Note
-------+----------+-------------------------------------------
     0 | D:1      | wullow the Demonspawn Fighter began the quest for the Orb.
     0 | D:1      | Reached XP level 1. HP: 18/18 MP: 1/1
    21 | D:1      | You fall into a shaft and drop 1 floor!
   264 | D:1      | Gained mutation: You are surrounded by a mild repulsion
                  | field. (EV +2) [demonic ancestry]
   264 | D:1      | Reached XP level 2. HP: 24/24 MP: 2/2
   728 | D:1      | Gained mutation: You are slightly more attuned to the
                  | shadows. [demonic ancestry]
   728 | D:1      | Reached XP level 3. HP: 28/29 MP: 3/3
   998 | D:2      | Found a shattered altar of Ashenzari.
  1650 | D:2      | Gained mutation: You are surrounded by a moderate repulsion
                  | field. (EV +3) [demonic ancestry]
  1650 | D:2      | Reached XP level 4. HP: 35/35 MP: 4/4
  2011 | D:3      | Found a glowing drain.
  2043 | Sewer    | Entered a sewer
  2110 | Sewer    | Noticed a crocodile
  2125 | Sewer    | Slain by a crocodile

Levels and vault maps discovered:
D:1:      denvon_arrival_waterhouse, layout_basic
D:2:      layout_basic, ashenzari_conservatory_becter, first_ration
D:3:      layout_basic, cheibrodos_sewer_entry_sluice, uniq_crazy_yiuf_cottage,
          uniq_grinder
Sewer:    sewer_big_baddie

Skill      XL: |  1  2  3 |
---------------+----------+-----
Short Blades   | 2 |  2.7
Shields        | 3 |  3.4
Armour         | 3 |  3.0
Fighting       | |  3.5

Action                   |  1- 3 |  4- 6 || total
-------------------------+-------+-------++-------
Melee: Rapier            |    41 |       ||    41
       Dagger            |    83 |    54 ||   137
  Eat: Chunk             |     2 |     2 ||     4
Armor: Scale mail        |    46 |    35 ||    81
Dodge: Dodged            |    34 |    30 ||    64
Block: Kite shield       |    63 |    35 ||    98

Table legend:
 A = Non-vault XP
 B = Vault XP
 C = Vault XP percentage of total XP
 D = Non-vault monster count
 E = Vault monster count
 F = Vault count percentage of total count
                 A         B        C        D         E       F
            +---------+---------+-------+---------+---------+-------
      Total |     100 |      15 |  13.0 |      39 |       8 |  17.0
            +---------+---------+-------+---------+---------+-------
        D:1 |      50 |       0 |   0.0 |      20 |       0 |   0.0
        D:2 |      50 |       0 |   0.0 |      19 |       0 |   0.0
        D:3 |       0 |       8 | 100.0 |       0 |       3 | 100.0
      Sewer |       0 |       7 | 100.0 |       0 |       5 | 100.0
            +---------+---------+-------+---------+---------+-------
